3169 views
Uploaded 2020-03-26 19:01:52
Game version 1.32.3
14:59 long 2on2 ladder game on (4)Avalanche_LV
Saved by Gahzeera
3169 views
Uploaded 2020-03-26 19:01:52
Game version 1.32.3
14:59 long 2on2 ladder game on (4)Avalanche_LV


62 units @ 6.9k
/ 1.1k
32 buildings @ 5.1k
/ 2.3k



| Healing Salve | 1 | 100 |
| Lesser Clarity Potion | 4 | 280 |
| Orb of Lightning | 1 | 375 |
| Boots of Speed | 1 | 250 |
| Circlet of Nobility | 2 | 350 |
| total: | 9 | 1355g |
| Peon | 10 | 750 | / | 0 |
| Wind Rider | 5 | 1325 | / | 200 |
| total: | 15 | 2075g | / | 200w |
| Watch Tower | 6 | 660 | / | 480 |
| Altar of Storms | 1 | 180 | / | 50 |
| Orc Burrow | 5 | 800 | / | 200 |
| War Mill | 1 | 205 | / | 0 |
| Voodoo Lounge | 2 | 260 | / | 60 |
| Beastiary | 2 | 290 | / | 280 |
| Spirit Lodge | 1 | 150 | / | 150 |
| Stronghold | 1 | 315 | / | 190 |
| Fortress | 1 | 325 | / | 190 |
| total: | 18 | 2545g | / | 1220w |
| 0:04 | Peon |
| 0:04 | Peon |
| 0:07 | Altar of Storms |
| 0:23 | Orc Burrow |
| 0:29 | Peon |
| 0:42 | Peon |
| 0:53 | War Mill |
| 0:57 | Peon |
| 1:08 | Voodoo Lounge |
| 1:11 | Voodoo Lounge |
| 1:16 | Peon |
| 1:31 | Peon |
| 1:45 | Orc Burrow |
| 1:48 | Peon |
| 2:02 | Peon |
| 2:14 | Healing Salve |
| 2:15 | Lesser Clarity Potion |
| 2:15 | Lesser Clarity Potion |
| 2:17 | Wind Walk |
| 2:21 | Peon |
| 2:39 | Stronghold |
| 3:03 | Watch Tower |
| 3:06 | Watch Tower |
| 3:42 | Watch Tower |
| 3:58 | Orc Burrow |
| 4:03 | Boots of Speed |
| 4:10 | Circlet of Nobility |
| 5:37 | Beastiary |
| 5:38 | Reinforced Defenses |
| 6:03 | Hex |
| 7:01 | Watch Tower |
| 7:16 | Wind Rider |
| 7:19 | Fortress |
| 7:47 | Wind Rider |
| 8:29 | Critical Strike |
| 8:33 | Wind Rider |
| 9:04 | Orc Burrow |
| 9:06 | Steel Ranged Weapons |
| 9:32 | Watch Tower |
| 10:18 | Lesser Clarity Potion |
| 10:18 | Lesser Clarity Potion |
| 10:20 | Orb of Lightning |
| 10:57 | Healing Wave |
| 10:59 | Circlet of Nobility |
| 11:06 | Wind Rider |
| 11:47 | War Stomp |
| 12:08 | Envenomed Spears |
| 12:20 | Beastiary |
| 12:22 | Spirit Lodge |
| 12:25 | Watch Tower |
| 12:50 | Wind Walk |
| 13:41 | Healing Wave |
| 13:47 | Wind Rider |
| 14:01 | Orc Burrow |
| 14:05 | Endurance Aura |
| 14:50 | Critical Strike |
| Right click | 661 |
| Select group | 429 |
| Select | 166 |
| Build/train/purchase | 65 |
| Assign group | 24 |
| Chat | 24 |
| Use ability | 17 |
| Item give/drop | 3 |
| Minimap ping | 3 |
| Esc | 2 |

| Wisp | 22 | 1320 | / | 0 |
| Archer | 13 | 1690 | / | 130 |
| Dryad | 11 | 1595 | / | 660 |
| Druid of the Claw | 1 | 255 | / | 80 |
| total: | 47 | 4860g | / | 870w |
| Altar of Elders | 1 | 180 | / | 50 |
| Moon Well | 6 | 1080 | / | 240 |
| Ancient of War | 1 | 150 | / | 60 |
| Ancient of Wonders | 1 | 90 | / | 30 |
| Hunter's Hall | 1 | 210 | / | 100 |
| Tree of Life | 1 | 340 | / | 185 |
| Ancient of Lore | 3 | 465 | / | 435 |
| Tree of Ages | 2 | 640 | / | 360 |
| Tree of Eternity | 1 | 330 | / | 200 |
| total: | 14 | 2515g | / | 1100w |
| 0:03 | Wisp |
| 0:03 | Wisp |
| 0:14 | Altar of Elders |
| 0:26 | Moon Well |
| 0:29 | Wisp |
| 0:36 | Wisp |
| 0:46 | Wisp |
| 1:02 | Ancient of War |
| 1:06 | Wisp |
| 1:20 | Wisp |
| 1:29 | Moon Well |
| 1:39 | Wisp |
| 1:44 | Ancient of Wonders |
| 1:51 | Wisp |
| 2:03 | Wisp |
| 2:03 | Wisp |
| 2:16 | Moon Well |
| 2:22 | Force of Nature |
| 2:27 | Archer |
| 2:45 | Archer |
| 3:08 | Tree of Ages |
| 3:14 | Archer |
| 3:36 | Archer |
| 3:58 | Archer |
| 4:24 | Archer |
| 4:42 | Entangling Roots |
| 4:45 | Archer |
| 4:51 | Hunter's Hall |
| 5:10 | Archer |
| 5:53 | Archer |
| 6:00 | Force of Nature |
| 6:07 | Archer |
| 6:58 | Archer |
| 6:59 | Improved Bows |
| 7:04 | Ancient of Lore |
| 7:04 | Ancient of Lore |
| 7:06 | Tree of Eternity |
| 7:26 | Tree of Life |
| 8:27 | Archer |
| 8:31 | Abolish Magic |
| 8:32 | Dryad |
| 8:37 | Moon Well |
| 9:34 | Dryad |
| 9:36 | Wisp |
| 9:36 | Wisp |
| 9:37 | Wisp |
| 9:37 | Wisp |
| 9:37 | Wisp |
| 9:46 | Wisp |
| 9:46 | Wisp |
| 9:46 | Wisp |
| 9:47 | Wisp |
| 9:47 | Wisp |
| 9:47 | Wisp |
| 9:51 | Dryad |
| 9:54 | Archer |
| 10:17 | Entangling Roots |
| 10:25 | Dryad |
| 10:45 | Strength of the Moon |
| 10:45 | Moon Armor |
| 11:34 | Dryad |
| 11:34 | Dryad |
| 11:36 | Dryad |
| 11:53 | Ancient of Lore |
| 11:57 | Dryad |
| 12:29 | Marksmanship |
| 12:34 | Moon Well |
| 12:36 | Moon Well |
| 13:19 | Dryad |
| 13:33 | Improved Strength of the Moon |
| 13:44 | Force of Nature |
| 14:00 | Dryad |
| 14:20 | Dryad |
| 14:50 | Druid of the Claw |
| Right click | 871 |
| Select group | 327 |
| Select | 156 |
| Misc. action | 99 |
| Build/train/purchase | 64 |
| Assign group | 38 |
| Use ability | 35 |
| Minimap ping | 1 |
56 units @ 8.4k
/ 0.6k
24 buildings @ 3.9k
/ 1.4k

| Healing Salve | 1 | 100 |
| Lesser Clarity Potion | 2 | 140 |
| Potion of Healing | 1 | 150 |
| Scroll of Town Portal | 2 | 700 |
| total: | 6 | 1090g |
| Peon | 9 | 675 | / | 0 |
| Grunt | 16 | 3200 | / | 0 |
| Shaman | 4 | 520 | / | 80 |
| total: | 29 | 4395g | / | 80w |
| Orc Burrow | 5 | 800 | / | 200 |
| Altar of Storms | 1 | 180 | / | 50 |
| Barracks | 2 | 360 | / | 100 |
| Voodoo Lounge | 1 | 130 | / | 30 |
| War Mill | 1 | 205 | / | 0 |
| Beastiary | 2 | 290 | / | 280 |
| Spirit Lodge | 1 | 150 | / | 150 |
| Stronghold | 1 | 315 | / | 190 |
| Fortress | 2 | 650 | / | 380 |
| total: | 13 | 2115g | / | 810w |
| 0:06 | Orc Burrow |
| 0:10 | Altar of Storms |
| 0:12 | Peon |
| 0:12 | Peon |
| 0:30 | Barracks |
| 0:47 | Peon |
| 1:06 | Peon |
| 1:29 | Orc Burrow |
| 1:34 | Grunt |
| 1:51 | Voodoo Lounge |
| 1:54 | Peon |
| 2:14 | Wind Walk |
| 2:25 | Grunt |
| 2:30 | Orc Burrow |
| 2:33 | Orc Burrow |
| 2:48 | Grunt |
| 2:56 | Healing Salve |
| 3:05 | Pillage |
| 3:54 | Grunt |
| 3:56 | Grunt |
| 4:29 | Stronghold |
| 5:07 | Critical Strike |
| 5:16 | Grunt |
| 5:20 | War Mill |
| 5:34 | Grunt |
| 6:59 | Beastiary |
| 7:01 | Beastiary |
| 7:05 | Peon |
| 7:05 | Peon |
| 7:14 | Grunt |
| 7:14 | Grunt |
| 7:42 | Spirit Lodge |
| 7:56 | Fortress |
| 8:00 | Barracks |
| 8:08 | Lesser Clarity Potion |
| 8:09 | Potion of Healing |
| 8:14 | Berserker Strength |
| 8:25 | Steel Melee Weapons |
| 8:57 | Shaman Adept Training |
| 9:01 | Peon |
| 9:01 | Peon |
| 9:32 | Grunt |
| 9:35 | Fortress |
| 9:41 | Grunt |
| 9:46 | Lesser Clarity Potion |
| 10:03 | Shaman |
| 10:19 | Shaman |
| 10:44 | Wind Walk |
| 10:51 | Scroll of Town Portal |
| 11:15 | Orc Burrow |
| 11:46 | Grunt |
| 11:57 | Shaman Master Training |
| 12:09 | Shaman |
| 12:21 | Grunt |
| 12:39 | Grunt |
| 13:00 | Shaman |
| 13:27 | Grunt |
| 13:47 | Grunt |
| 13:59 | Scroll of Town Portal |
| Right click | 507 |
| Select | 318 |
| Build/train/purchase | 66 |
| Misc. action | 14 |
| Use ability | 14 |
| Resource trade | 9 |
| Remove unit | 3 |
| Item give/drop | 1 |
| Minimap ping | 1 |


| Potion of Healing | 1 | 150 |
| Dust of Appearance | 1 | 75 |
| total: | 2 | 225g |
| Acolyte | 9 | 675 | / | 0 |
| Ghoul | 5 | 600 | / | 0 |
| Crypt Fiend | 10 | 2150 | / | 400 |
| Obsidian Statue | 2 | 400 | / | 70 |
| Gargoyle | 1 | 175 | / | 30 |
| total: | 27 | 4000g | / | 500w |
| Nerubian Tower | 1 | 100 | / | 20 |
| Spirit Tower | 1 | 145 | / | 40 |
| Graveyard | 1 | 215 | / | 0 |
| Crypt | 2 | 400 | / | 100 |
| Altar of Darkness | 1 | 180 | / | 50 |
| Ziggurat | 5 | 750 | / | 250 |
| Tomb of Relics | 1 | 130 | / | 30 |
| Slaughterhouse | 1 | 140 | / | 135 |
| Halls of the Dead | 1 | 320 | / | 210 |
| Black Citadel | 1 | 325 | / | 230 |
| total: | 11 | 1815g | / | 565w |
| 0:04 | Acolyte |
| 0:08 | Graveyard |
| 0:11 | Crypt |
| 0:17 | Acolyte |
| 0:40 | Altar of Darkness |
| 0:55 | Ziggurat |
| 1:13 | Ghoul |
| 1:25 | Ziggurat |
| 1:35 | Ghoul |
| 1:54 | Crypt Fiend |
| 2:14 | Tomb of Relics |
| 2:24 | Crypt Fiend |
| 2:51 | Death Coil |
| 2:57 | Nerubian Tower |
| 3:27 | Dust of Appearance |
| 3:37 | Crypt Fiend |
| 3:39 | Acolyte |
| 4:05 | Ghoul |
| 4:05 | Ghoul |
| 4:05 | Ghoul |
| 4:37 | Ziggurat |
| 5:13 | Halls of the Dead |
| 5:42 | Crypt Fiend |
| 5:45 | Creature Attack |
| 5:52 | Unholy Aura |
| 5:58 | Crypt Fiend |
| 6:02 | Ziggurat |
| 6:55 | Crypt Fiend |
| 6:55 | Crypt Fiend |
| 7:37 | Acolyte |
| 7:57 | Acolyte |
| 7:57 | Acolyte |
| 8:16 | Ziggurat |
| 9:02 | Web |
| 9:28 | Acolyte |
| 9:28 | Acolyte |
| 9:28 | Acolyte |
| 10:20 | Crypt Fiend |
| 10:26 | Slaughterhouse |
| 10:29 | Crypt |
| 10:51 | Burrow |
| 10:53 | Black Citadel |
| 11:17 | Potion of Healing |
| 11:31 | Obsidian Statue |
| 11:32 | Obsidian Statue |
| 11:47 | Gargoyle |
| 12:25 | Crypt Fiend |
| 13:16 | Spirit Tower |
| 13:28 | Vampiric Aura |
| 13:37 | Unholy Aura |
| 14:21 | Crypt Fiend |
| Right click | 483 |
| Select | 262 |
| Misc. action | 48 |
| Build/train/purchase | 48 |
| Resource trade | 14 |
| Use ability | 10 |
| Remove unit | 1 |